 Dungeon Crawl Stone Soup version 0.20.0-10-g0535bb4 (webtiles) character file.

117833 kuniqs the Warrior (level 16, -5/232 HPs)
             Began as a Minotaur Berserker on June 4, 2017.
             Was the Champion of Trog.
             Slain by a deep troll shaman (16 damage)
             ... on level 2 of the Depths.
             The game lasted 00:31:11 (15533 turns).

kuniqs the Warrior (Minotaur Berserker)            Turns: 15533, Time: 00:31:12

Health: -5/232     AC: 22    Str: 30    XL:     16   Next: 24%
Magic:  13/13      EV: 19    Int:  6    God:    Trog [******]
Gold:   1047       SH:  0    Dex: 14    Spells: 15/15 levels left

rFire    + . .     SeeInvis +   L - +4 battleaxe (freeze)
rCold    . . .     Gourm    .   (shield currently unavailable)
rNeg     . . .     Faith    .   t - +3 storm dragon scales {Bai Suzhen}
rPois    +         Spirit   .   (helmet restricted)
rElec    +         Reflect  .   (no cloak)
rCorr    .         Harm     .   (no gloves)
MR       ++...                  c - +0 pair of boots
Stlth    ..........             n - amulet of regeneration
Regen    0.9/turn               D - ring of protection from magic
MPRegen  0.2/turn               w - ring of protection from fire

@: berserking, very quick
A: retaliatory headbutt, horns 2, see invisible, clever 1, low mp 1, poison
resistance
a: Berserk, Trog's Hand, Brothers in Arms, Burn Spellbooks, Renounce Religion


You were on level 2 of the Depths.
You worshipped Trog.
Trog was exalted by your worship.
You were very hungry.

You visited 2 branches of the dungeon, and saw 17 of its levels.
You also visited: Sewer.

You collected 1047 gold pieces.

Inventory:

Hand Weapons
 k - a +1 antimagic executioner's axe
 L - a +4 battleaxe of freezing (weapon)
 V - a +0 whip of electrocution
 W - a +5 antimagic broad axe
Armour
 c - a +0 pair of boots (worn)
 t - +3 storm dragon scales (worn) {Bai Suzhen}
Jewellery
 n - an amulet of regeneration (around neck)
 w - a ring of protection from fire (right hand)
 D - a ring of protection from magic (left hand)
Wands
 j - a wand of lightning (7/15)
 y - a wand of iceblast (4/15)
 F - a wand of lightning (6/15)
 G - a wand of iceblast (13/15)
 Q - a wand of disintegration (6/24)
 U - a wand of paralysis (12/24)
 X - a wand of acid (9/15)
 Z - a wand of paralysis (13/24)
Scrolls
 a - 3 scrolls of enchant armour
 b - 6 scrolls of teleportation
 m - a scroll of enchant weapon
 o - 6 scrolls of remove curse {@r2}
 r - 3 scrolls of identify {@r1}
 u - a scroll of fog
 v - 3 scrolls of immolation
 B - 5 scrolls of recharging
 C - a scroll of brand weapon
 J - 2 scrolls of fear
 Y - 2 scrolls of blinking
Potions
 g - 4 potions of heal wounds
 h - a potion of cancellation {unknown}
 i - a potion of might
 l - 2 potions of haste
 p - 3 potions of flight
 q - 3 potions of curing {@q1}
 s - 2 potions of lignification
 z - a potion of invisibility
 A - 4 potions of brilliance
 H - a potion of ambrosia
 K - a potion of resistance
 R - 3 potions of agility
 S - 3 potions of mutation
Books
 x - a book of Conjurations

   Spells                             Type                      Level
   a - Magic Dart                     Conjuration                  1
   b - Searing Ray                    Conjuration                  2
   c - Dazzling Spray                 Conjuration/Hexes            3
   d - Fulminant Prism                Conjuration/Hexes            4
   e - Force Lance                    Conjuration/Translocation    4
   f - Iskenderun's Mystic Blast      Conjuration                  4
   Trog disapproves of the use of such an item.
Miscellaneous
 T - 2 sacks of spiders
Comestibles
 d - 13 bread rations
 e - 7 meat rations
 f - 8 fruits
 E - 7 royal jellies
 I - 8 chunks of flesh


   Skills:
 + Level 17.1 Fighting
 + Level 17.1 Axes
 + Level 16.8 Armour
 + Level 15.9 Dodging


You had 15 spell levels left.
You didn't know any spells.

Dungeon Overview and Level Annotations

Branches:
Dungeon (15/15)            Temple (0/1) D:6            Lair (0/6) D:11
    Orc (0/2) D:9          Vaults (0/5) D:14         Depths (2/5) D:15

Altars:
Fedhas
Gozag
Makhleb
Ru
Xom
Yredelemnul
The Shining One

Shops:
D:13 (

Portals:
Hell: Depths:1 Depths:2

Annotations:
D:10 exclusions: door, electric eel and 1 more exclusion
Depths:1 4 runed doors


Innate Abilities, Weirdness & Mutations

You reflexively headbutt those who attack you in melee.
You have a pair of horns on your head.
You have supernaturally acute eyesight. (SInv)
Your mind is acute. (Int +2)
Your magical capacity is low. (-10% MP)
Your system is resistant to poisons. (rPois)


Message History

The iron troll is severely wounded.
The iron troll bites you!!
* * * LOW HITPOINT WARNING * * *
The iron troll claws you!
* * * LOW HITPOINT WARNING * * *
The iron troll barely misses you.
You hit the iron troll but do no damage.
You headbutt the iron troll!
The iron troll is severely wounded.
You hit the deep troll shaman but do no damage.
The iron troll bites you!!
* * * LOW HITPOINT WARNING * * *
The iron troll claws you!
* * * LOW HITPOINT WARNING * * *
The iron troll claws you but does no damage.
You hit the iron troll but do no damage.
The iron troll is severely wounded.
You slice the deep troll shaman!! You freeze the deep troll shaman!
The deep troll shaman bites you!
You die...

.................#∩..8...#
.................#..)...##
....................#..)...#
....................##.....##
.............)†......###)...#
...#......T............[)..##
......[...................[#
.....>........[T...........#
..............TT@..........#
...............[...........##
.................(..........#
........................###.#
.......................## #.#
...........###...###...# ###
....##.###.# ##.## #####
######## ### ###


You could see 2 iron trolls, a deep troll and a deep troll shaman.

Vanquished Creatures
  A bone dragon (Depths:1)
  Rupert (D:13)
  A fire giant (Depths:1)
  A frost giant (Depths:1)
  A caustic shrike zombie (Depths:1)
  A very ugly thing (Depths:1)
  6 stone giants
  A juggernaut zombie (Depths:1)
  2 vampire knights (Depths:1)
  A dire elephant (D:15)
  2 ettins (Depths:1)
  Snorg (D:12)
  2 fire dragons (Depths:1)
  2 quicksilver dragon skeletons (Depths:1)
  3 ice dragons
  2 great orbs of eyes
  A rakshasa (Depths:2)
  A catoblepas (D:14)
  A hydra (D:14)
  A death knight (D:15)
  5 centaur warriors
  An ogre mage (D:14)
  18 two-headed ogres
  5 tengu warriors
  3 deep troll earth magi (Depths:1)
  6 deep troll shamans (Depths:1)
  The ghost of zkyp the Cleaver, a novice HuGl of Zin (D:8)
  Urug (D:10)
  Sonja (D:15)
  2 iron trolls (Depths:1)
  2 titan skeletons (Depths:1)
  8 hell knights
  4 skeletal warriors (D:14)
  9 deep trolls
  A storm dragon skeleton (Depths:1)
  A death drake (shapeshifter) (Depths:1)
  3 golden dragon zombies (Depths:1)
  A glowing orange brain (Depths:2)
  2 wizards (Depths:1)
  2 unseen horrors
  An orc knight (D:14)
  2 necromancers
  Pikel (D:9)
  A golden dragon skeleton (Depths:1)
  A tengu zombie (Depths:1)
  10 ugly things
  An iron dragon zombie (Depths:1)
  2 shadow dragon skeletons (Depths:1)
  A wolf spider (D:15)
  3 cyclopes
  A spriggan zombie (Depths:1)
  3 manticores
  A sphinx skeleton (Depths:1)
  An iron dragon skeleton (Depths:1)
  2 elf zombies (Depths:1)
  2 gargoyles
  A komodo dragon (shapeshifter) (Depths:2)
  7 yaktaurs (Depths:1)
  2 freezing wraiths
  A kobold demonologist (D:14)
  The ghost of kraftydee the Cudgeler, an amateur DrCK of Xom (D:5)
  3 meliai (D:13)
  A meliai (shapeshifter) (Depths:2)
  2 trolls
  3 hornets (D:9)
  5 hippogriffs
  13 slime creatures
  2 centaur simulacra
  A wraith (D:14)
  Sigmund (D:6)
  2 shadows
  A basilisk (D:14)
  A human (D:7)
  Grum (D:11)
  A wyvern (D:11)
  3 steam dragons
  12 yaks
  4 hogs (D:7)
  A basilisk (shapeshifter) (D:15)
  4 vampire mosquitoes
  An acid dragon (D:14)
  A warg (shapeshifter) (D:14)
  3 water moccasins
  A water moccasin (shapeshifter) (Depths:2)
  2 hornet zombies (D:14)
  8 orc warriors
  9 ice beasts
  3 sky beasts
  3 eyes of draining
  11 ogres
  A necrophage (D:8)
  4 phantoms
  18 centaurs
  2 crocodiles
  9 wolves
  6 big kobolds
  Blork the orc (D:6)
  4 bullfrogs
  A water moccasin zombie (D:10)
  A water moccasin skeleton (D:9)
  5 scorpions
  2 wyvern skeletons
  15 killer bees
  A howler monkey (D:5)
  12 wights
  2 electric eels (D:11)
  6 centaur zombies
  7 crimson imps
  11 hounds
  3 bullfrog zombies
  4 jellies
  A quasit (D:14)
  10 orc priests
  11 orc wizards
  A bullfrog skeleton (D:12)
  11 centaur skeletons
  Natasha (thrice) (D:4)
  5 iguanas
  8 worker ants
  A killer bee zombie (D:7)
  A bullfrog simulacrum (D:10)
  2 worker ant zombies
  A gnoll (D:1)
  10 adders
  2 river rats
  5 shadow imps
  2 white imps (D:10)
  An adder zombie (D:8)
  5 dart slugs
  6 leopard geckos
  52 orcs
  5 bats
  6 giant cockroaches
  9 goblins
  3 hobgoblins
  12 jackals
  29 kobolds
  7 quokkas
  2 ball pythons
  5 frilled lizards
  2 jackal skeletons (D:7)
  A quokka skeleton (D:6)
  26 rats
  A plant (D:4)
617 creatures vanquished.

Vanquished Creatures (collateral kills)
  Bai Suzhen (D:15)
  A gargoyle (D:15)
2 creatures vanquished.

Vanquished Creatures (others)
  An ogre mage (Depths:1)
  An orc wizard (D:9)
  An adder (D:9)
  2 plants (D:4)
5 creatures vanquished.

Grand Total: 624 creatures vanquished

Notes
Turn   | Place    | Note
-------+----------+-------------------------------------------
     0 | D:1      | kuniqs the Minotaur Berserker began the quest for the Orb.
     0 | D:1      | Reached XP level 1. HP: 19/19 MP: 0/0
    70 | D:1      | Reached XP level 2. HP: 27/27 MP: 1/1
   243 | D:1      | Reached XP level 3. HP: 33/33 MP: 2/2
   752 | D:2      | Reached ** piety under Trog
   891 | D:2      | Reached XP level 4. HP: 39/40 MP: 3/3
   960 | D:2      | Found a shimmering altar of Xom.
  1725 | D:3      | Reached XP level 5. HP: 47/47 MP: 4/4
  1737 | D:3      | Found a glowing drain.
  1743 | Sewer    | Entered a sewer
  1753 | Sewer    | Reached *** piety under Trog
  1853 | Sewer    | Found a white marble altar of Elyvilon.
  2494 | D:4      | Noticed an ogre
  2498 | D:4      | Killed an ogre
  2498 | D:4      | Reached skill level 5 in Fighting
  2498 | D:4      | Reached skill level 5 in Axes
  2498 | D:4      | Reached XP level 6. HP: 51/56 MP: 5/5
  2625 | D:4      | Found an opulent altar of Gozag.
  2708 | D:4      | Noticed Natasha
  2712 | D:4      | Killed Natasha
  2718 | D:4      | Reached skill level 5 in Armour
  2919 | D:4      | Noticed Natasha
  2930 | D:4      | Reached XP level 7. HP: 48/61 MP: 6/6
  2933 | D:4      | Killed Natasha
  2933 | D:4      | Reached skill level 5 in Dodging
  2939 | D:4      | Reached **** piety under Trog
  3170 | D:4      | Noticed Natasha
  3172 | D:4      | Killed Natasha
  3340 | D:5      | Entered Level 5 of the Dungeon
  3430 | D:5      | Noticed kraftydee's ghost (amateur DrCK)
  3457 | D:5      | Killed kraftydee's ghost
  3457 | D:5      | Reached XP level 8. HP: 71/71 MP: 4/7
  3594 | D:5      | Got an ancient ring mail
  3673 | D:5      | Identified the +4 ring mail of Instinct {rF- rC- Str+3 Dex+8} (You found it on level 5 of the Dungeon)
  3852 | D:5      | Gained mutation: You are somewhat resistant to further mutation. [mutagenic meat]
  4158 | D:6      | Noticed Sigmund
  4169 | D:6      | Killed Sigmund
  4245 | D:6      | Found a staircase to the Ecumenical Temple.
  4303 | D:6      | Reached XP level 9. HP: 66/81 MP: 8/8
  4505 | D:6      | Found a sacrificial altar of Ru.
  4595 | D:6      | Noticed Blork the orc
  4605 | D:6      | Killed Blork the orc
  4919 | D:7      | Found a glowing golden altar of the Shining One.
  5242 | D:7      | Noticed a two-headed ogre
  5245 | D:7      | Killed a two-headed ogre
  5245 | D:7      | Reached XP level 10. HP: 76/91 MP: 9/9
  5269 | D:7      | Received a gift from Trog
  5446 | D:8      | Reached skill level 10 in Fighting
  5711 | D:8      | Noticed zkyp's ghost (novice HuGl)
  5718 | D:8      | Killed zkyp's ghost
  5718 | D:8      | Reached skill level 10 in Axes
  6013 | D:8      | Reached ***** piety under Trog
  6094 | D:9      | Noticed a two-headed ogre
  6098 | D:9      | Killed a two-headed ogre
  6098 | D:9      | Reached skill level 10 in Armour
  6211 | D:9      | Found a burning altar of Makhleb.
  6480 | D:9      | Paralysed by a hornet for 3 turns
  6484 | D:9      | Reached XP level 11. HP: 83/101 MP: 10/10
  6546 | D:9      | Noticed a two-headed ogre
  6551 | D:9      | Killed a two-headed ogre
  6567 | D:9      | Reached skill level 10 in Dodging
  6650 | D:9      | Noticed a two-headed ogre
  6654 | D:9      | Noticed Pikel
  6660 | D:9      | Killed a two-headed ogre
  6663 | D:9      | Killed Pikel
  6761 | D:9      | Found a staircase to the Orcish Mines.
  7009 | D:9      | Found a blossoming altar of Fedhas.
  7075 | D:10     | Entered Level 10 of the Dungeon
  7238 | D:10     | Killed an unseen horror
  7238 | D:10     | Received a gift from Trog
  7481 | D:10     | Noticed Urug
  7494 | D:10     | Killed Urug
  7563 | D:10     | Reached XP level 12. HP: 88/112 MP: 3/11
  7797 | D:11     | Noticed a two-headed ogre
  7803 | D:11     | Killed a two-headed ogre
  7952 | D:11     | Lost mutation: You are somewhat resistant to further mutation. [potion of mutation]
  7952 | D:11     | Gained mutation: Your magical capacity is low. (-10% MP) [potion of mutation]
  7952 | D:11     | Gained mutation: Your system is resistant to poisons. (rPois) [potion of mutation]
  7952 | D:11     | Gained mutation: Your mind is acute. (Int +2) [potion of mutation]
  7952 | D:11     | Gained mutation: You have supernaturally acute eyesight. (SInv) [potion of mutation]
  7970 | D:11     | Found a staircase to the Lair.
  8051 | D:11     | Noticed a two-headed ogre
  8059 | D:11     | Killed a two-headed ogre
  8172 | D:11     | Noticed Grum
  8185 | D:11     | Killed Grum
  8381 | D:12     | Noticed Snorg
  8386 | D:12     | Killed Snorg
  8500 | D:12     | Received a gift from Trog
  9065 | D:13     | Noticed Rupert
  9076 | D:13     | Killed Rupert
  9230 | D:13     | Found Oreingih's Weapon Shop.
  9344 | D:13     | Reached XP level 13. HP: 118/122 MP: 3/10
 10583 | D:14     | Reached ****** piety under Trog
 10588 | D:14     | Received a gift from Trog
 10789 | D:14     | Found a gate to the Vaults.
 11083 | D:15     | Entered Level 15 of the Dungeon
 11169 | D:15     | Noticed a dire elephant
 11178 | D:15     | Killed a dire elephant
 11178 | D:15     | Reached XP level 14. HP: 132/133 MP: 3/11
 11232 | D:15     | Found a staircase to the Depths.
 11248 | D:15     | Noticed Sonja
 11250 | D:15     | Killed Sonja
 11330 | D:15     | Found a basalt altar of Yredelemnul.
 11866 | Depths:1 | Entered Level 1 of the Depths
 11871 | Depths:1 | Got a scintillating iron ring
 11872 | Depths:1 | Identified the ring "Ivieps" {*Contam +Fly rPois MP+9 Stlth+} (You found it on level 1 of the Depths)
 11878 | Depths:1 | Noticed a vampire knight
 11895 | Depths:1 | Killed a vampire knight
 11902 | Depths:1 | Noticed a stone giant
 12047 | Depths:1 | Noticed Bai Suzhen
 12118 | D:15     | Killed Bai Suzhen
 12118 | D:15     | Reached skill level 15 in Fighting
 12118 | D:15     | Reached skill level 15 in Axes
 12339 | Depths:1 | Killed a stone giant
 12487 | Depths:1 | Noticed a frost giant
 12497 | Depths:1 | Killed a frost giant
 12497 | Depths:1 | Reached skill level 15 in Armour
 12820 | Depths:1 | Found a gateway to Hell.
 12822 | Depths:1 | Found a large runed door.
 12822 | Depths:1 | Found a large runed door.
 12824 | Depths:1 | Noticed a green very ugly thing
 12826 | Depths:1 | Found a large runed door.
 12856 | Depths:1 | Noticed a vampire knight
 12878 | Depths:1 | Killed a vampire knight
 12999 | Depths:1 | Received a gift from Trog
 12999 | Depths:1 | Reached XP level 15. HP: 143/143 MP: 4/12
 13142 | Depths:1 | Noticed a fire giant
 13271 | Depths:1 | Killed a fire giant
 13288 | Depths:1 | Reached skill level 15 in Dodging
 14057 | Depths:1 | Noticed a bone dragon
 14065 | Depths:1 | Killed a bone dragon
 14810 | Depths:1 | Found a large runed door.
 15078 | Depths:2 | Reached XP level 16. HP: 135/154 MP: 9/13
 15244 | Depths:2 | Received a gift from Trog
 15532 | Depths:2 | HP: 11/232 [iron troll (7)]
 15533 | Depths:2 | Slain by a deep troll shaman

Skill      XL: |  1  2  3  4  5  6  7  8  9 10 11 12 13 14 15 16 |
---------------+-------------------------------------------------+-----
Fighting       | 4 5 6 7 9 10 12 13 14 15 16 17 | 17.1
Armour         | 3 4 5 6 7 9 10 11 13 14 15 16 | 16.8
Dodging        | 3 4 5 7 8 9 11 12 13 14 15 | 15.9
Axes           | 4 5 6 7 9 10 12 13 14 15 16 17 | 17.1

Action                   |  1- 3 |  4- 6 |  7- 9 | 10-12 | 13-15 | 16-18 || total
-------------------------+-------+-------+-------+-------+-------+-------++-------
Melee: Hand axe          |    56 |   166 |       |       |       |       ||   222
       Headbutt          |     8 |    20 |    52 |   143 |   224 |    14 ||   461
       War axe           |       |    18 |   153 |       |       |       ||   171
       Battleaxe         |       |       |    42 |   292 |   280 |    60 ||   674
       Broad axe         |       |       |       |   237 |   459 |       ||   696
       Whip              |       |       |       |       |     5 |       ||     5
Invok: Berserk           |     2 |     2 |     3 |     5 |    19 |     2 ||    33
       Trog's Hand       |       |       |       |       |     3 |       ||     3
       Brothers in Arms  |       |       |       |       |     1 |       ||     1
Evoke: Wand              |       |       |       |       |     2 |       ||     2
  Use: Scroll            |     4 |       |     2 |     7 |     8 |       ||    21
       Potion            |       |       |       |    10 |     1 |       ||    11
  Eat: Chunk             |     2 |     8 |    12 |    18 |    26 |     3 ||    69
       Royal jelly       |       |       |       |       |     3 |       ||     3
       Meat ration       |       |       |       |       |     1 |       ||     1
Armor: Animal skin       |     8 |       |       |       |       |       ||     8
       Chain mail        |    15 |   102 |    81 |       |       |       ||   198
       Plate armour      |       |       |    39 |   266 |   129 |       ||   434
       Storm dragon scal |       |       |       |       |   266 |    35 ||   301
Dodge: Dodged            |    36 |    98 |   102 |   370 |   524 |    35 ||  1165
